[Event "Titled Tuesday Blitz May 30 Early 2023"]
[White "Hajiyev, Kanan"]
[Black "salgadoLO"]
[WhiteFideId "13404148"]
[WhiteElo "2103"]
[BlackElo "2187"]
[Result "1/2-1/2"]
[Round "03"]
[TimeControl "180+2"]
[Date "2023.05.30"]
[WhiteClock "0:00:13"]
[BlackClock "0:00:07"]

1. d4 d5 2. h3 Nf6 3. g4 e6 4. Bg2 c5 5. c3 Nc6 6. Bf4 cxd4 7. Nf3 dxc3 8. Nxc3 Bd6 9. Bxd6 Qxd6 10. O-O Qd8 11. g5 Nd7 12. e4 Nb6 13. Re1 O-O 14. exd5 exd5 15. Qd3 g6 16. Rad1 Bf5 17. Qe3 Re8 18. Qf4 Rxe1+ 19. Nxe1 Be6 20. h4 Qb8 21. Qf6 Qe5 22. Nd3 Qxf6 23. gxf6 Rd8 24. Nc5 Ne5 25. Nxb7 Rb8 26. Nc5 Ng4 27. Nxd5 Bxd5 28. Bxd5 Nxd5 29. Rxd5 Nxf6 30. Rd2 Rc8 31. b4 Kf8 32. Kg2 a5 33. a3 axb4 34. axb4 Rb8 35. Rd6 Rxb4 36. Rxf6 Rxh4 37. Rf3 Kg7 38. Ne6+ Kg8 39. Nf4 Rg4+ 40. Kh3 Rg5 41. Kh4 Ra5 42. Nh3 h6 43. Kg3 Kg7 44. Rd3 Ra4 45. Re3 Rb4 46. f3 Ra4 47. Nf4 Rb4 48. Re7 Ra4 49. Rc7 Kf6 50. Nd5+ Ke6 51. Nf4+ Kf6 52. Rb7 Ra5 53. Ne2 Rg5+ 54. Kf2 Ra5 55. Ng3 Ra2+ 56. Ke3 Ra3+ 57. Kf4 Ra4+ 58. Ne4+ Kg7 59. Ke5 Ra5+ 60. Kf4 Ra4 61. Rb5 Rc4 62. Ke3 Ra4 63. Rb7 Ra3+ 64. Kf4 Ra4 1/2-1/2


[Site "https://www.chess.com"]

[Event "Titled Tuesday Blitz May 30 Early 2023"]
[White "Dilmukhametov, Artur"]
[Black "Matveeva, Olga"]
[WhiteFideId "24179922"]
[BlackFideId "24107018"]
[WhiteElo "2242"]
[BlackElo "2009"]
[Result "1-0"]
[Round "03"]
[TimeControl "180+2"]
[Date "2023.05.30"]
[WhiteClock "0:00:09"]
[BlackClock "0:00:00"]

1. e4 e6 2. Nf3 d5 3. e5 c5 4. b4 d4 5. bxc5 Bxc5 6. Bb5+ Nc6 7. O-O Ne7 8. d3 O-O 9. Bg5 Qc7 10. Re1 Bd7 11. Nbd2 Nd5 12. Ne4 Bb4 13. Bd2 Nxe5 14. Nxd4 Bxb5 15. Nxb5 Qa5 16. Bxb4 Qxb4 17. Rb1 Qa5 18. Nbd6 b6 19. d4 Ng6 20. c4 Nc3 21. Nxc3 Qxc3 22. Re3 Qa5 23. a4 e5 24. d5 Qc5 25. Nb5 Qxc4 26. Rc1 Qb4 27. d6 Rfd8 28. d7 Qe7 29. Rc7 a6 30. Na7 Nf4 31. Nc6 Qc5 32. Rxe5 Qc4 33. Nxd8 1-0


[Site "https://www.chess.com"]

[Event "Titled Tuesday Blitz May 30 Early 2023"]
[White "Gatterer, Florian"]
[Black "Ciuffoletti, Paolo"]
[WhiteFideId "811688"]
[BlackFideId "807630"]
[WhiteElo "2221"]
[BlackElo "2143"]
[Result "1-0"]
[Round "03"]
[TimeControl "180+2"]
[Date "2023.05.30"]
[WhiteClock "0:00:55"]
[BlackClock "0:00:00"]

1. b3 g6 2. Bb2 Nf6 3. Nf3 Bg7 4. g3 O-O 5. Bg2 d6 6. d4 Nbd7 7. O-O Re8 8. c4 e5 9. dxe5 Ng4 10. Nc3 Ndxe5 11. Nxe5 Nxe5 12. Qd2 c6 13. Rad1 Bf8 14. Ne4 Bg4 15. f4 Nd7 16. h3 Bf5 17. Nxd6 Bxd6 18. Qxd6 Rxe2 19. Rd2 Rxd2 20. Qxd2 Qb6+ 21. Bd4 Qc7 22. Rd1 Re8 23. Kh2 Nf8 24. Bb2 Be4 25. Qd4 f6 26. Bxe4 Ne6 27. Qxf6 Ng7 28. Bg2 Re6 29. Rd8+ 1-0


[Site "https://www.chess.com"]

[Event "Titled Tuesday Blitz May 30 Early 2023"]
[White "Zenin, Dmitry"]
[Black "Kiseljova, Marya"]
[WhiteFideId "4127897"]
[BlackFideId "4155009"]
[WhiteElo "2215"]
[BlackElo "1831"]
[Result "1-0"]
[Round "03"]
[TimeControl "180+2"]
[Date "2023.05.30"]
[WhiteClock "0:00:41"]
[BlackClock "0:00:14"]

1. d4 Nf6 2. c4 e6 3. Nc3 Bb4 4. Qc2 b6 5. e4 Bb7 6. Bd3 d5 7. e5 Ne4 8. Ne2 Nxc3 9. bxc3 Be7 10. O-O c5 11. f4 Nc6 12. cxd5 Qxd5 13. Be4 Qd7 14. Be3 Rc8 15. dxc5 bxc5 16. Rfd1 Qc7 17. Rab1 h6 18. Ng3 O-O 19. Qa4 Ba8 20. Rb5 Nb8 21. Bxa8 Rfd8 22. Rdb1 Nd7 23. Rb7 Qc6 24. Qxc6 Rxc6 25. Rxd7 Rxd7 26. Bxc6 Rc7 1-0


[Site "https://www.chess.com"]

[Event "Titled Tuesday Blitz May 30 Early 2023"]
[White "KSho99"]
[Black "Sargissyan, Sargis"]
[BlackFideId "13303210"]
[WhiteElo "2173"]
[BlackElo "2109"]
[Result "1-0"]
[Round "03"]
[TimeControl "180+2"]
[Date "2023.05.30"]
[WhiteClock "0:00:03"]
[BlackClock "0:00:04"]

1. Nf3 Nf6 2. b3 g6 3. Bb2 Bg7 4. e3 O-O 5. d4 b6 6. Be2 Bb7 7. O-O e6 8. c4 c5 9. Nc3 cxd4 10. Nxd4 d5 11. Bf3 Nbd7 12. cxd5 exd5 13. Ndb5 Ne5 14. Be2 a6 15. Nd4 Ne4 16. Rc1 Rc8 17. Nxe4 dxe4 18. Ba3 Re8 19. Rxc8 Bxc8 20. Qc2 Bf5 21. Nxf5 gxf5 22. Rd1 Qg5 23. Bd6 h6 24. Bxa6 Re6 25. Bxe5 Bxe5 26. g3 h5 27. Qc8+ Kg7 28. Bc4 Re7 29. Rd8 Kh7 30. Rf8 h4 31. Bxf7 hxg3 32. hxg3 Bxg3 33. Rh8+ Kg7 34. Rg8+ Kxf7 35. Rxg5 1-0


[Site "https://www.chess.com"]

[Event "Titled Tuesday Blitz May 30 Early 2023"]
[White "Estrada Nieto, Julian"]
[Black "Brown, Raehanna"]
[WhiteFideId "5101018"]
[BlackFideId "7402740"]
[WhiteElo "2161"]
[BlackElo "1655"]
[Result "1-0"]
[Round "03"]
[TimeControl "180+2"]
[Date "2023.05.30"]
[WhiteClock "0:00:07"]
[BlackClock "0:00:00"]

1. e4 c5 2. Nf3 Nc6 3. Bb5 g6 4. Bxc6 bxc6 5. O-O Bg7 6. Re1 e5 7. c3 Ne7 8. d4 cxd4 9. cxd4 exd4 10. Nxd4 O-O 11. Nc3 Bb7 12. Bg5 h6 13. Bh4 g5 14. Bg3 d5 15. Nb3 d4 16. Na4 Ba6 17. Nac5 Bc4 18. Rc1 Bxb3 19. Qxb3 Qb6 20. Bd6 Rfe8 21. Qa3 Nc8 22. Bg3 Bf8 23. b4 a5 24. Nd7 Qd8 25. Nxf8 Rxf8 26. Rxc6 Nb6 27. bxa5 Nd7 28. Rxh6 Qxa5 29. Qxa5 Rxa5 30. h4 Kg7 31. hxg5 Rxg5 32. Rd6 Nc5 33. Rxd4 Ra8 34. Re2 Rg6 35. Rc4 Ne6 36. Be5+ Kf8 37. f4 Rg4 38. Bd6+ Kg7 39. f5 Ng5 40. Be5+ f6 41. Rc7+ Nf7 42. Bc3 Ra3 43. Rd2 Kh6 44. Rxf7 Rxc3 45. Rxf6+ Kg5 46. Rf2 Kxf6 47. Kh2 Rc1 48. Kh3 Rg5 49. g4 Rh1+ 50. Kg3 Ra1 51. Kf4 Rd1 52. e5+ Kf7 53. Kxg5 Rd4 54. e6+ Ke8 55. Rb2 1-0


[Site "https://www.chess.com"]

[Event "Titled Tuesday Blitz May 30 Early 2023"]
[White "ChawitAp"]
[Black "Guevara Sanchez, Erick Marvin"]
[BlackFideId "6700136"]
[WhiteElo "2400"]
[BlackElo "2040"]
[Result "1-0"]
[Round "03"]
[TimeControl "180+2"]
[Date "2023.05.30"]
[WhiteClock "0:01:11"]
[BlackClock "0:00:08"]

1. d4 d5 2. Nf3 Nf6 3. c3 e6 4. Bg5 Be7 5. Nbd2 Ne4 6. Bxe7 Qxe7 7. Nxe4 dxe4 8. Nd2 f5 9. e3 e5 10. Bc4 exd4 11. cxd4 c6 12. O-O Be6 13. Qb3 Bxc4 14. Nxc4 Na6 15. f3 O-O-O 16. fxe4 fxe4 17. Ne5 Rhf8 18. Qc2 Kb8 19. Qxe4 Rxf1+ 20. Rxf1 Qb4 21. Qh4 Re8 22. Qg3 Nc7 23. Rf7 Qd6 24. Nd7+ 1-0


[Site "https://www.chess.com"]

[Event "Titled Tuesday Blitz May 30 Early 2023"]
[White "Dwilewicz, Katarzyna"]
[Black "zano2023"]
[WhiteFideId "1148486"]
[WhiteElo "2065"]
[BlackElo "2152"]
[Result "1-0"]
[Round "03"]
[TimeControl "180+2"]
[Date "2023.05.30"]
[WhiteClock "0:01:34"]
[BlackClock "0:01:31"]

1. e4 e6 2. d4 d5 3. Nd2 Nf6 4. e5 Nfd7 5. Bd3 c5 6. c3 Nc6 7. Ne2 Qb6 8. Nf3 cxd4 9. cxd4 Be7 10. O-O O-O 11. Ng3 f6 12. exf6 Bxf6 13. Qe2 Re8 14. Be3 Nxd4 15. Nxd4 Bxd4 16. Bxh7+ Kh8 17. Bg6 Bxe3 18. fxe3 Nf6 19. Rxf6 gxf6 20. Qh5+ Kg8 21. Qh7+ Kf8 22. Qf7# 1-0


[Site "https://www.chess.com"]

[Event "Titled Tuesday Blitz May 30 Early 2023"]
[White "Novikova, Galina"]
[Black "Lakshmi C"]
[WhiteFideId "4157095"]
[BlackFideId "25035347"]
[WhiteElo "1953"]
[BlackElo "1942"]
[Result "1-0"]
[Round "03"]
[TimeControl "180+2"]
[Date "2023.05.30"]
[WhiteClock "0:01:29"]
[BlackClock "0:00:04"]

1. e4 c5 2. Nf3 Nc6 3. d4 cxd4 4. Nxd4 Nf6 5. Nc3 e5 6. Ndb5 d6 7. Bg5 a6 8. Na3 b5 9. Bxf6 gxf6 10. Nd5 f5 11. g3 fxe4 12. Bg2 Bf5 13. g4 Bg6 14. h4 h5 15. g5 Bg7 16. c3 O-O 17. Qe2 Ne7 18. Nf6+ Bxf6 19. gxf6 Nd5 20. Bxe4 Nf4 21. Qf3 Bxe4 22. Qxe4 Qxf6 23. O-O-O d5 24. Rhg1+ Kh8 25. Qe3 Rad8 26. Nc2 Rfe8 27. Rde1 a5 28. Rg5 e4 29. Reg1 Re5 30. Nd4 Nd3+ 31. Kb1 Rxg5 32. Rxg5 Nf4 33. Rf5 Qd6 34. Rxf4 b4 35. Rf5 bxc3 36. Rxh5+ Kg8 37. Qg5+ Kf8 38. Rh8# 1-0


[Site "https://www.chess.com"]

[Event "Titled Tuesday Blitz May 30 Early 2023"]
[White "Kriti Mayur Patel"]
[Black "Sliwicki, Damian"]
[WhiteFideId "35061780"]
[BlackFideId "1127128"]
[WhiteElo "1306"]
[BlackElo "2030"]
[Result "0-1"]
[Round "03"]
[TimeControl "180+2"]
[Date "2023.05.30"]
[WhiteClock "0:02:03"]
[BlackClock "0:02:00"]

1. e4 c5 2. d4 cxd4 3. c3 g6 4. Nf3 Bg7 5. Bc4 d6 6. O-O dxc3 7. Nxc3 Nf6 8. Qe2 O-O 9. Rd1 Qc7 10. Bf4 Bg4 11. h3 Bxf3 12. Qxf3 Qxc4 13. Rac1 Nc6 14. Bg5 Ne5 15. Qe3 Qb4 16. Bxf6 Bxf6 17. Nd5 Qxb2 18. Nxf6+ exf6 19. Rxd6 Rfd8 20. Rxf6 Nd3 21. Rd1 Qxf6 22. Rxd3 Rxd3 23. Qxd3 Rd8 24. Qc4 Rd1+ 25. Kh2 Qf4+ 0-1


[Site "https://www.chess.com"]

[Event "Titled Tuesday Blitz May 30 Early 2023"]
[White "dDobravcan"]
[Black "Rodrigues Mota, Romulo Cardoso S"]
[BlackFideId "2187442"]
[WhiteElo "2114"]
[BlackElo "1936"]
[Result "0-1"]
[Round "03"]
[TimeControl "180+2"]
[Date "2023.05.30"]
[WhiteClock "0:00:00"]
[BlackClock "0:01:29"]

1. d4 Nf6 2. Nc3 e6 3. Bf4 d5 4. e3 c5 5. Nb5 Na6 6. c3 c4 7. a4 Bd7 8. Nd6+ Bxd6 9. Bxd6 Qb6 10. Ba3 Nc7 11. Nf3 a5 12. Ne5 Na6 13. g4 h5 14. g5 Ne4 15. h4 f6 16. Nxd7 Kxd7 17. Rg1 f5 18. f3 Nd6 19. Bg2 g6 20. Kf2 Nb4 21. cxb4 axb4 22. b3 bxa3 23. Rxa3 Qb4 24. Qa1 Nb5 25. Ra2 cxb3 26. Rb2 Rxa4 27. Qb1 Nc3 28. Qe1 Ra2 0-1


[Site "https://www.chess.com"]

[Event "Titled Tuesday Blitz May 30 Early 2023"]
[White "Steenbekkers, Franck"]
[Black "Shtompel, Yuriy"]
[WhiteFideId "1004220"]
[BlackFideId "14168278"]
[WhiteElo "2109"]
[BlackElo "1844"]
[Result "0-1"]
[Round "03"]
[TimeControl "180+2"]
[Date "2023.05.30"]
[WhiteClock "0:01:25"]
[BlackClock "0:00:21"]

1. e4 c5 2. Nf3 d6 3. d4 cxd4 4. Nxd4 Nf6 5. Nc3 a6 6. Be2 e5 7. Nb3 Be6 8. Be3 Nbd7 9. O-O Qc7 10. Qd3 Rc8 11. f4 Be7 12. f5 Bc4 13. Qd2 b5 14. a3 O-O 15. g4 h6 16. Rf2 Nb6 17. Bxh6 gxh6 18. Qxh6 Bxe2 19. Rxe2 Nh7 20. g5 Bxg5 21. Rg2 f6 22. h4 Qg7 23. Qxg7+ Kxg7 24. hxg5 Nxg5 25. Rd1 Nc4 26. Nd5 Kf7 27. Na5 Nxa5 28. Nxf6 Kxf6 29. Rxd6+ Ke7 30. Rxa6 Nc6 31. Rxg5 Rg8 32. Rxg8 Rxg8+ 33. Kf2 Kd7 34. c3 Rh8 35. Kg2 Rh4 36. Kf3 Rf4+ 37. Ke3 Rf1 38. b3 Re1+ 39. Kd3 Rd1+ 40. Ke3 Rc1 41. Kd3 Rb1 42. b4 Rd1+ 43. Ke3 Re1+ 44. Kd3 Rh1 45. a4 bxa4 46. b5 Nb8 47. Ra7+ Kd6 48. f6 Rf1 49. f7 Nd7 50. Rxa4 Nc5+ 51. Kc4 Nxa4 52. Kb4 Nc5 0-1


[Site "https://www.chess.com"]

[Event "Titled Tuesday Blitz May 30 Early 2023"]
[White "Urbina Perez, Juan Antonio"]
[Black "Horokoskii"]
[WhiteFideId "2217368"]
[WhiteElo "2197"]
[BlackElo "2111"]
[Result "1-0"]
[Round "03"]
[TimeControl "180+2"]
[Date "2023.05.30"]
[WhiteClock "0:01:05"]
[BlackClock "0:00:40"]

1. e4 e6 2. d4 d5 3. Nc3 Nf6 4. Bg5 Be7 5. e5 Nfd7 6. Bxe7 Qxe7 7. f4 a6 8. Nf3 c5 9. Qd2 Nc6 10. O-O-O b5 11. dxc5 Nxc5 12. Bd3 h6 13. Ne2 Nxd3+ 14. Qxd3 b4 15. Ned4 Nxd4 16. Qxd4 a5 17. f5 exf5 18. Qxd5 Ra7 19. Qc6+ Bd7 20. Qb6 Ra8 21. e6 fxe6 22. Ne5 Rd8 23. Qb7 Rg8 24. Rhe1 Ba4 25. Rxd8+ Kxd8 26. Qb8# 1-0


[Site "https://www.chess.com"]

[Event "Titled Tuesday Blitz May 30 Early 2023"]
[White "Topalov, Aleksandar"]
[Black "Winkels, Marcel"]
[WhiteFideId "925659"]
[BlackFideId "1003887"]
[WhiteElo "2151"]
[BlackElo "1900"]
[Result "1-0"]
[Round "03"]
[TimeControl "180+2"]
[Date "2023.05.30"]
[WhiteClock "0:00:16"]
[BlackClock "0:00:00"]

1. b3 e5 2. Bb2 Nc6 3. c4 Nf6 4. e3 Bb4 5. a3 Be7 6. Nf3 d6 7. d4 Bg4 8. h3 Bxf3 9. Qxf3 O-O 10. Bd3 Re8 11. O-O Bf8 12. Nd2 a5 13. Rad1 Qe7 14. Ne4 Nxe4 15. Bxe4 g6 16. Bxc6 bxc6 17. Qxc6 Rab8 18. Qa4 Bg7 19. b4 axb4 20. axb4 Ra8 21. Qb3 e4 22. b5 Kh8 23. d5 f5 24. Ra1 g5 25. Ra6 Rab8 26. Ra7 f4 27. Re1 f3 28. g3 Be5 29. Bxe5+ dxe5 30. Qc2 Qd7 31. Qxe4 Qxh3 32. Qxf3 Rf8 33. Qg2 Qg4 34. e4 Rbc8 35. c5 Rf6 36. Rf1 Rh6 37. f3 Qh5 38. g4 Qh4 39. Rf2 Rf6 40. Qh2 Rcf8 41. Qxh4 gxh4 42. Kg2 h3+ 43. Kxh3 Rxf3+ 44. Rxf3 Rxf3+ 45. Kh4 Rc3 46. Rxc7 1-0


[Site "https://www.chess.com"]

[Event "Titled Tuesday Blitz May 30 Early 2023"]
[White "Blackwhite017"]
[Black "Kohler, Aran"]
[BlackFideId "1002856"]
[WhiteElo "2094"]
[BlackElo "2362"]
[Result "1-0"]
[Round "03"]
[TimeControl "180+2"]
[Date "2023.05.30"]
[WhiteClock "0:01:03"]
[BlackClock "0:00:00"]

1. e4 c5 2. Nf3 Nc6 3. d4 cxd4 4. Nxd4 Nf6 5. Nc3 e5 6. Ndb5 d6 7. Bg5 a6 8. Na3 b5 9. Nd5 Be7 10. Bxf6 Bxf6 11. c4 b4 12. Nc2 a5 13. Be2 O-O 14. O-O Be6 15. Qd3 Bg5 16. Rfd1 f5 17. Bf3 f4 18. a3 Rb8 19. axb4 axb4 20. b3 Kh8 21. Ra4 Bh6 22. Ncxb4 Nd4 23. Ra3 g5 24. Nc2 Nxc2 25. Qxc2 g4 26. Be2 f3 27. Bf1 fxg2 28. Bxg2 Qh4 29. Ne3 Bf4 30. Nf1 1-0


[Site "https://www.chess.com"]

[Event "Titled Tuesday Blitz May 30 Early 2023"]
[White "Dominguez Rincon, Miller Duvan"]
[Black "Silvestre, Christian"]
[WhiteFideId "4406583"]
[BlackFideId "30956269"]
[WhiteElo "2013"]
[BlackElo "2360"]
[Result "0-1"]
[Round "03"]
[TimeControl "180+2"]
[Date "2023.05.30"]
[WhiteClock "0:00:00"]
[BlackClock "0:00:22"]

1. e4 c5 2. Nf3 e6 3. Nc3 a6 4. a4 Qc7 5. g3 b6 6. Bg2 Bb7 7. O-O d6 8. Re1 Nd7 9. d4 cxd4 10. Nxd4 Ngf6 11. h3 Be7 12. Kh2 h5 13. f4 Rc8 14. Be3 Nc5 15. f5 e5 16. Nf3 Ncxe4 17. Nxe4 Bxe4 18. c3 Bxf3 19. Qxf3 Ng4+ 20. Kh1 Nxe3 21. Rxe3 h4 22. g4 O-O 23. f6 Bxf6 24. Qf5 Qe7 25. Rf1 Bg5 26. Rd3 b5 27. Bd5 Rc7 28. axb5 axb5 29. Rdf3 Bf4 30. Re1 Qg5 31. Qe4 g6 32. Ref1 Kg7 33. Qb4 Rb8 34. Qb3 Qe7 35. Re1 Qd7 36. Ref1 Rc5 37. Rd1 Qc7 38. Rfd3 Rd8 39. Qa2 Rd7 40. Qb3 Qc8 41. Qa2 Rd8 42. Bxf7 Qc7 43. Bd5 Qe7 44. Qb1 Qg5 45. Rf3 Rb8 46. Qe4 Qe7 47. Rdf1 Qg5 48. Ba2 b4 49. Bb1 bxc3 50. bxc3 Rbc8 0-1


[Site "https://www.chess.com"]

[Event "Titled Tuesday Blitz May 30 Early 2023"]
[White "Fernandez Siles, Luis"]
[Black "Brod, Manfred"]
[WhiteFideId "2209420"]
[BlackFideId "1602110"]
[WhiteElo "2195"]
[BlackElo "2152"]
[Result "1-0"]
[Round "03"]
[TimeControl "180+2"]
[Date "2023.05.30"]
[WhiteClock "0:00:25"]
[BlackClock "0:00:00"]

1. e4 e6 2. d4 d5 3. Nd2 Nf6 4. Bd3 c5 5. c3 Nc6 6. Ngf3 cxd4 7. cxd4 dxe4 8. Nxe4 Nxe4 9. Bxe4 Bb4+ 10. Bd2 Qa5 11. Bxc6+ bxc6 12. a3 Bxd2+ 13. Qxd2 Qxd2+ 14. Kxd2 f6 15. Rac1 Bb7 16. Rc5 Ke7 17. Rhc1 Rhd8 18. Ke3 Rd6 19. R1c4 g5 20. Nd2 Rad8 21. Rb4 Ba8 22. Ne4 Rd5 23. Rxd5 cxd5 24. Nc5 Bc6 25. Rb3 e5 26. Rc3 Rd6 27. b4 Bb5 28. Nb7 Rd7 29. Na5 e4 30. Rc5 Bf1 31. g3 f5 32. b5 Kf7 33. Nc6 Kg7 34. a4 h5 35. a5 Rf7 36. Rxd5 f4+ 37. gxf4 gxf4+ 38. Kd2 e3+ 39. fxe3 fxe3+ 40. Kxe3 Bg2 41. Rg5+ Kf6 42. Rxg2 1-0


[Site "https://www.chess.com"]

[Event "Titled Tuesday Blitz May 30 Early 2023"]
[White "Torres Dominguez, David"]
[Black "Goswami, Vedant"]
[WhiteFideId "2220857"]
[BlackFideId "5003725"]
[WhiteElo "1999"]
[BlackElo "2011"]
[Result "0-1"]
[Round "03"]
[TimeControl "180+2"]
[Date "2023.05.30"]
[WhiteClock "0:00:10"]
[BlackClock "0:01:15"]

1. e4 c6 2. Nf3 d5 3. d3 dxe4 4. dxe4 Qxd1+ 5. Kxd1 Nf6 6. Nfd2 e5 7. f3 Nfd7 8. Nb3 h5 9. Be3 a5 10. N1d2 a4 11. Nc1 a3 12. b3 Na6 13. Bxa6 Rxa6 14. Nd3 f6 15. c3 Be7 16. Kc2 Nf8 17. Rad1 Ne6 18. h3 h4 19. Nc4 g5 20. Bc1 Nf4 21. Nxf4 gxf4 22. b4 Rg8 23. Rhg1 Be6 24. Nxa3 Bxa2 25. Kb2 Be6 26. Rd2 Kf7 27. Rgd1 Rga8 28. Nb1 Ra2# 0-1


[Site "https://www.chess.com"]

[Event "Titled Tuesday Blitz May 30 Early 2023"]
[White "Manon-og, Ramon Jr."]
[Black "Saim, Mohamed Ilias"]
[WhiteFideId "5200776"]
[BlackFideId "7900465"]
[WhiteElo "2344"]
[BlackElo "2063"]
[Result "1-0"]
[Round "03"]
[TimeControl "180+2"]
[Date "2023.05.30"]
[WhiteClock "0:02:24"]
[BlackClock "0:01:25"]

1. e4 c6 2. d4 d5 3. e5 Bf5 4. Nd2 e6 5. Nb3 Nd7 6. Nf3 c5 7. dxc5 Nxc5 8. Nxc5 Bxc5 9. Bb5+ Kf8 10. O-O Ne7 11. c3 h5 12. Bg5 Bg4 13. b4 Bb6 14. h3 Bf5 15. Nd4 Bg6 16. Qf3 Qc7 17. Nxe6+ 1-0


[Site "https://www.chess.com"]

[Event "Titled Tuesday Blitz May 30 Early 2023"]
[White "Maluco_do_Natal_00"]
[Black "Sarkar, Justin"]
[BlackFideId "2010011"]
[WhiteElo "2026"]
[BlackElo "2168"]
[Result "0-1"]
[Round "03"]
[TimeControl "180+2"]
[Date "2023.05.30"]
[WhiteClock "0:00:00"]
[BlackClock "0:00:36"]

1. e4 e5 2. Nf3 Nc6 3. Bb5 a6 4. Ba4 d6 5. c3 Ne7 6. h3 Bd7 7. d4 Ng6 8. Be3 Be7 9. Nbd2 O-O 10. Nf1 f5 11. exf5 Bxf5 12. Ng3 e4 13. Nxf5 Rxf5 14. Nh2 d5 15. O-O Bd6 16. Bb3 Na5 17. Bc2 Nc4 18. Bc1 Qh4 19. b3 Nb6 20. Be3 Raf8 21. Qe2 Nf4 22. Qg4 Qf6 23. Rae1 Rg5 0-1


[Site "https://www.chess.com"]

[Event "Titled Tuesday Blitz May 30 Early 2023"]
[White "Lohani, Sujana"]
[Black "Szente Varga, Fruzsina"]
[WhiteFideId "12311987"]
[BlackFideId "712264"]
[WhiteElo "1718"]
[BlackElo "1994"]
[Result "0-1"]
[Round "03"]
[TimeControl "180+2"]
[Date "2023.05.30"]
[WhiteClock "0:00:00"]
[BlackClock "0:01:42"]

1. d4 Nf6 2. Nf3 g6 3. g3 d6 4. Bg2 Bg7 5. O-O O-O 6. c4 c5 7. d5 e6 8. Nc3 exd5 9. cxd5 a6 10. a4 Re8 11. Re1 Nbd7 12. e4 Rb8 13. a5 b5 14. axb6 Nxb6 15. Qc2 Bg4 16. Bf4 Bxf3 17. Bxf3 Nc4 18. b3 Ne5 19. Bxe5 Rxe5 20. Rxa6 h5 21. h4 Ng4 22. Bg2 g5 23. hxg5 Rxg5 24. f4 Bd4+ 25. Kh1 Nf2+ 26. Kh2 Rg7 27. Re2 h4 28. g4 Nxg4+ 29. Kh1 Ne3 30. Qd3 Nxg2 31. Rxg2 Rxg2 32. Kxg2 Rxb3 0-1


[Site "https://www.chess.com"]

[Event "Titled Tuesday Blitz May 30 Early 2023"]
[White "Castillo Pena, Patricia Evarista"]
[Black "Korpics, Zsolt"]
[WhiteFideId "6412106"]
[BlackFideId "705241"]
[WhiteElo "1919"]
[BlackElo "2335"]
[Result "0-1"]
[Round "03"]
[TimeControl "180+2"]
[Date "2023.05.30"]
[WhiteClock "0:00:00"]
[BlackClock "0:00:08"]

1. d4 Nf6 2. Nf3 e6 3. e3 b6 4. Bd3 Bb7 5. O-O c5 6. b3 cxd4 7. exd4 d6 8. Bb2 Be7 9. Nbd2 O-O 10. c4 Nbd7 11. Qe2 d5 12. Ne5 dxc4 13. bxc4 Qc7 14. Rac1 Bd6 15. Rfe1 Rac8 16. Qe3 Rfe8 17. Qh3 Nf8 18. Ndf3 Ng6 19. Nxg6 hxg6 20. Ne5 Bxe5 21. dxe5 Nd7 22. Qg3 Nc5 23. Bb1 Qc6 24. Rcd1 Red8 25. Rd6 Rxd6 26. exd6 Rd8 27. Rd1 Rd7 28. h4 Ne4 29. Bxe4 Qxe4 30. h5 Qc2 31. Qb3 Qf5 32. hxg6 Qxg6 0-1


[Site "https://www.chess.com"]

[Event "Titled Tuesday Blitz May 30 Early 2023"]
[White "February, Jesse Nikki"]
[Black "Fajdetic, Hrvoje"]
[WhiteFideId "14312336"]
[BlackFideId "14501945"]
[WhiteElo "1824"]
[BlackElo "2185"]
[Result "0-1"]
[Round "03"]
[TimeControl "180+2"]
[Date "2023.05.30"]
[WhiteClock "0:00:09"]
[BlackClock "0:00:15"]

1. e4 c5 2. Nf3 a6 3. d4 cxd4 4. Nxd4 Nf6 5. Nc3 e5 6. Nde2 Bb4 7. a3 Ba5 8. b4 Bb6 9. Ng3 O-O 10. Bd3 Bd4 11. Bb2 d5 12. O-O dxe4 13. Ngxe4 Nxe4 14. Bxe4 f5 15. Bd5+ Kh8 16. Qd2 Nc6 17. Bxc6 bxc6 18. Rad1 Qf6 19. Na4 Bxb2 20. Nxb2 Be6 21. Qc3 Bd5 22. Nc4 e4 23. Qxf6 Rxf6 24. Ne3 Bg8 25. Rd4 a5 26. Rfd1 axb4 27. axb4 h6 28. h3 Kh7 29. Rd6 Rxd6 30. Rxd6 f4 31. Nf5 Bd5 32. Rd7 Be6 33. Rxg7+ Kh8 34. Rg6 Bxf5 35. Rxh6+ Kg7 36. Rxc6 Ra1+ 37. Kh2 e3 38. fxe3 fxe3 39. Rc7+ Kf6 40. Rc6+ Be6 41. Rc3 Re1 42. b5 Ke5 43. Kg3 Kd4 44. Rd3+ Ke4 45. b6 Bc8 46. Rd8 Ba6 47. Re8+ Kd4 48. Re7 e2 49. b7 Bxb7 50. Rxb7 Rc1 51. Rd7+ Kc5 52. Re7 e1=Q+ 53. Rxe1 Rxe1 54. Kf4 Rc1 55. g4 Rxc2 56. h4 Kd6 57. Kf5 Ke7 58. Kg6 Kf8 59. h5 Kg8 60. g5 Rc6+ 61. Kf5 Kg7 62. Ke5 Rc5+ 63. Kf4 Ra5 64. Kg4 Kf7 65. Kf4 Ke6 66. Kg4 Ra4+ 67. Kf3 Kf5 68. h6 Kxg5 69. h7 Ra8 0-1


[Site "https://www.chess.com"]

[Event "Titled Tuesday Blitz May 30 Early 2023"]
[White "Nihal Sarin"]
[Black "Fier, Alexandr"]
[WhiteFideId "25092340"]
[BlackFideId "2107139"]
[WhiteElo "2689"]
[BlackElo "2610"]
[Result "1-0"]
[Round "04"]
[TimeControl "180+2"]
[Date "2023.05.30"]
[WhiteClock "0:00:03"]
[BlackClock "0:00:13"]

1. d4 e6 2. Nf3 b6 3. e4 Bb7 4. Bd3 d6 5. O-O Nd7 6. a4 a6 7. c3 Ne7 8. Re1 g6 9. Nbd2 Bg7 10. Nf1 h6 11. Ng3 O-O 12. Be3 f5 13. exf5 exf5 14. Bd2 Nd5 15. c4 N5f6 16. Nh4 f4 17. Bxf4 g5 18. Ngf5 Rf7 19. Ng6 gxf4 20. Nfe7+ Rxe7 21. Nxe7+ Kh8 22. Ng6+ Kg8 23. Qd2 Nf8 24. Ne7+ Kf7 25. Qxf4 Qd7 26. Bf5 Qxe7 27. Rxe7+ Kxe7 28. Re1+ Kf7 29. d5 Bc8 30. g4 Ng6 31. Bxg6+ Kxg6 32. Re7 Bxg4 33. f3 Bf8 34. Rxc7 Bh5 35. Rc6 Re8 36. Kf2 Re5 37. Rxb6 Rf5 38. Qg3+ Kf7 39. Rb7+ Ke8 40. Qh4 Rxf3+ 41. Kg2 Rf5 42. Qd4 Be7 43. Qa7 Bd8 44. Qxa6 Bf3+ 45. Kg1 Ne4 46. Qc6+ Kf8 47. Qd7 Rg5+ 48. Kf1 Nd2+ 49. Ke1 Re5+ 50. Kxd2 Bg5+ 51. Kc3 Re2 52. Qf7# 1-0


[Site "https://www.chess.com"]

[Event "Titled Tuesday Blitz May 30 Early 2023"]
[White "Le, Tuan Minh"]
[Black "Kukhmazov, Arsen"]
[WhiteFideId "12401153"]
[BlackFideId "24108260"]
[WhiteElo "2566"]
[BlackElo "2396"]
[Result "1-0"]
[Round "04"]
[TimeControl "180+2"]
[Date "2023.05.30"]
[WhiteClock "0:00:22"]
[BlackClock "0:00:00"]

1. d4 d5 2. Nf3 Nf6 3. Bf4 c5 4. c3 Nc6 5. e3 Qb6 6. Qc2 cxd4 7. exd4 Bf5 8. Qb3 e6 9. Nbd2 Be7 10. Be2 h6 11. O-O O-O 12. Rfe1 Ne4 13. Nf1 Bh7 14. h3 Rac8 15. Ne3 Rfe8 16. Rad1 Bd6 17. Bxd6 Nxd6 18. Qa3 Ne4 19. Bd3 Na5 20. Re2 Qc7 21. Rde1 Nd6 22. Ne5 Bxd3 23. Nxd3 Nac4 24. Qb3 b6 25. Qd1 a5 26. Nf1 Nf5 27. Ne5 Nxe5 28. Rxe5 b5 29. Ne3 Nd6 30. Ng4 b4 31. R5e3 Nf5 32. Rf3 bxc3 33. bxc3 Qb6 34. Qd2 Rb8 35. Ne5 Qb2 36. Qf4 f6 37. Nd7 Rbc8 38. Qg4 Kh8 39. Nc5 Qb6 40. Qh5 Re7 41. Rxf5 1-0


[Site "https://www.chess.com"]